 Dungeon Crawl Stone Soup version 0.23.2-40-g277498a001 (webtiles) character file.

Game seed: 15382786228607121048

81 Kaiomaar the Chopper (level 4, -4/41 HPs)
             Began as a Minotaur Berserker on Sept 21, 2019.
             Was a Believer of Trog.
             Slain by Grinder (5 damage)
             ... on level 3 of the Dungeon.
             The game lasted 00:09:33 (1679 turns).

Kaiomaar the Chopper (Minotaur Berserker)           Turns: 1679, Time: 00:09:33

Health: -4/41      AC:  2    Str: 22    XL:     4   Next: 19%
Magic:  3/3        EV:  9    Int:  4    God:    Trog [**....]
Gold:   63         SH:  7    Dex: 10    Spells: 3/3 levels left

rFire    . . .     SeeInvis .   a - +0 hand axe
rCold    . . .     Gourm    .   s - +0 shield
rNeg     . . .     Faith    .   b - +0 animal skin
rPois    .         Spirit   .   (helmet restricted)
rElec    .         Reflect  .   (no cloak)
rCorr    .         Harm     .   (no gloves)
MR       .....                  (no boots)
Stlth    +.........             (no amulet)
HPRegen  0.13/turn              (no ring)
MPRegen  0.08/turn              (no ring)

@: no status effects
A: retaliatory headbutt, horns 2
a: Berserk, Trog's Hand, Renounce Religion


You were on level 3 of the Dungeon.
You worshipped Trog.
Trog was pleased with you.
You were not hungry.

You visited 1 branch of the dungeon, and saw 3 of its levels.

You collected 63 gold pieces.

Inventory:

Hand Weapons
 a - a +0 hand axe (weapon)
 f - a +0 club
 j - a +0 mace
 n - a cursed -1 short sword
Missiles
 i - 50 arrows
 l - 91 stones (quivered)
Armour
 b - a +0 animal skin (worn)
 s - a +0 shield (worn)
 v - a +0 shield
Jewellery
 u - an uncursed amulet of rage {unknown}
Scrolls
 d - 3 scrolls of enchant weapon {unknown}
 e - a scroll of amnesia {unknown}
 h - 4 scrolls of identify {unknown}
 m - a scroll of magic mapping {unknown}
 q - a scroll of remove curse {unknown}
 t - a scroll of fog {unknown}
Potions
 g - a potion of curing {unknown}
 o - a potion of lignification {unknown}
 p - a potion of haste {unknown}
 r - a potion of mutation {unknown}
Comestibles
 c - 2 rations
 k - 8 chunks of flesh


   Skills:
 + Level 4.4 Fighting
 + Level 4.9 Axes
 + Level 2.8 Armour
 + Level 2.5 Dodging
 + Level 0.7 Stealth


You had 3 spell levels left.
You didn't know any spells.
Your spell library was empty.

Dungeon Overview and Level Annotations

Branches:
Dungeon (3/15)

Altars:
Okawaru

Annotations:
D:3 Grinder


Innate Abilities, Weirdness & Mutations

You reflexively headbutt those who attack you in melee.
You have a pair of horns on your head.


Message History

Pain shoots through your body!
You see here a wand of digging (4).
A goblin comes into view.
A rat comes into view.
Found 7 arrows.
A giant cockroach comes into view.
Grinder hits you.
You writhe in agony.
You hit Grinder.
Grinder is lightly wounded.
Grinder hits you.
You writhe in agony.
Grinder hits you!
* * * LOW HITPOINT WARNING * * *
You slash Grinder! Your headbutt misses Grinder.
Grinder is moderately wounded.
Grinder barely misses you. You furiously retaliate!
You headbutt Grinder! You hit Grinder. You headbutt Grinder, but do no damage.
Grinder is severely wounded.
Grinder hits you!
* * * LOW HITPOINT WARNING * * *
You writhe in agony.
You die... # #( #. #. .##.##### ....... .r... gws

#5# #. #@# #.#
#.## #.# #/.#
#.# ##.# #.#
#.# #.# #.#
#.#######.#####
#..........<..#
#.####...#.##.#


You could see Grinder, a dart slug, a giant cockroach, a goblin and a rat.

Vanquished Creatures
  2 adders (D:2)
  A worm (D:2)
  3 dart slugs (D:2)
  A leopard gecko (D:1)
  2 orcs (D:2)
  2 bats (D:1)
  A giant cockroach (D:1)
  5 hobgoblins
  4 jackals
  A ball python (D:1)
  4 frilled lizards
  6 goblins
  4 kobolds
  15 rats
51 creatures vanquished.

Notes
Turn   | Place    | Note
-------+----------+-------------------------------------------
     0 | D:1      | Kaiomaar the Minotaur Berserker began the quest for the
                  | Orb.
     0 | D:1      | Reached XP level 1. HP: 19/19 MP: 0/0
    31 | D:1      | Reached XP level 2. HP: 21/27 MP: 1/1
   169 | D:1      | Reached ** piety under Trog
   625 | D:1      | Reached XP level 3. HP: 33/33 MP: 2/2
  1211 | D:2      | Reached XP level 4. HP: 40/40 MP: 3/3
  1529 | D:2      | Found an iron altar of Okawaru.
  1672 | D:3      | Noticed Grinder
  1679 | D:3      | HP: 1/41 [Grinder (7)]
  1679 | D:3      | Slain by Grinder

Skill      XL: |  1  2 |
---------------+-------+-----
Fighting       | 4 |  4.4
Axes           | 4 |  4.9
Armour         | |  2.8
Dodging        | |  2.5
Stealth        | |  0.7

Action                   |  1- 3 |  4- 6 || total
-------------------------+-------+-------++-------
Melee: Hand axe          |    87 |    18 ||   105
       Headbutt          |    10 |     6 ||    16
 Stab: Sleeping          |     2 |       ||     2
  Eat: Ration            |     1 |       ||     1
Armor: Animal skin       |    11 |     2 ||    13
Dodge: Dodged            |    46 |     6 ||    52
Block: Shield            |       |     9 ||     9
